 Dungeon Crawl Stone Soup version 0.30-a0-304-gdc4b735fe1 (webtiles) character file.

Game seed: 1735733223173853181

21 MrRokkomies the Sneak (level 2, 0/27 HPs)
             Began as an Armataur Delver on Oct 20, 2022.
             Slain by a frilled lizard (2 damage)
             ... in a sewer.
             The game lasted 00:02:38 (249 turns).

MrRokkomies the Sneak (Armataur Delver)              Turns: 249, Time: 00:02:39

Health: 0/27       AC:  5    Str: 17    XL:     2   Next: 65%
Magic:  2/2        EV:  8    Int: 10    God:
Gold:   11         SH:  0    Dex: 11    Spells: 1/1 levels left

rFire   . . .      SeeInvis .    a - +0 short sword
rCold   . . .      Faith    .    (no shield)
rNeg    . . .      Spirit   .    j - +0 ring mail
rPois   .          Reflect  .    (no helmet)
rElec   .          Harm     .    (no cloak)
rCorr   .          Roll     +    (no gloves)
Will    .....                    (no barding)
Stlth   ++........               (no amulet)
HPRegen 0.24/turn                (no ring)
MPRegen 0.08/turn                (no ring)

@: lethally poisoned (0 -> -1)
A: large, rugged brown scales 3, deformed body, armoured tail, roll, long
tongue, awkward tongue
a: no special abilities


You were in a sewer.
You visited 1 branch of the dungeon, and saw 2 of its levels.
You also visited: Sewer.

You collected 11 gold pieces.

Inventory:

Hand Weapons
 a - a +0 short sword (weapon)
Armour
 b - a +0 leather armour
 j - a +0 ring mail (worn)
Wands
 g - a wand of digging (3)
Scrolls
 c - a scroll of fog
 d - a scroll of magic mapping


   Skills:
 * Level 3.0 Fighting
 * Level 2.1 Short Blades
 + Level 1.0 Armour
 + Level 1.5 Dodging
 + Level 5.6 Stealth


You had one spell level left.
You didn't know any spells.
Your spell library contained the following spells:

 Spells                   Type           Power      Damage    Failure   Level
 Apportation              Tloc           0%         N/A       56%         1
 Necrotise                Necr           0%         1d4       56%         1
 Summon Small Mammal      Summ           0%         N/A       56%         1


Dungeon Overview and Level Annotations

Branches:
Dungeon (5/15)              Sewer (1/1)
 Temple: D:4-7

Altars:


Innate Abilities, Weirdness & Mutations

You are completely covered in rugged brown scales. (AC +3, +7% HP)
Armour fits poorly on your strangely shaped body.
You have a long armoured tail.
You roll when moving toward enemies. (Rampage)
Your long tongue fully drains potion bottles. (2x potion effects)
Your tongue gives you trouble enunciating. (1.5x scroll delay)


Message History

The adder bites you but does no damage.
You closely miss the adder.
The adder is severely wounded.
The adder barely misses you. The adder closely misses you.
You hit the adder.
You kill the adder!
Your Fighting skill increases to level 3!
Your Armour skill increases to level 1!
You enter the shallow water.
Moving in this stuff is going to be slow.
You see here an adder corpse.
There are no items here.
The adder hisses angrily.
You barely miss the adder. The adder barely misses you.
You barely miss the adder.
Your tail-slap misses the adder.
The adder bites you but does no damage. The frilled lizard barely misses you.
The frilled lizard bites you but does no damage.
You hit the adder.
The adder is heavily wounded.
The adder barely misses you. The frilled lizard barely misses you.
The frilled lizard bites you. The adder bites you.
You are poisoned.
The adder poisons you!
You barely miss the adder.
The adder is heavily wounded.
You feel sick. The adder bites you but does no damage.
The frilled lizard bites you.
* * * LOW HITPOINT WARNING * * *
The frilled lizard completely misses you.
You barely miss the adder. You punch the adder.
The adder is severely wounded.
You feel sick. The adder bites you.
* * * LOW HITPOINT WARNING * * *
The frilled lizard bites you but does no damage. x2
You closely miss the adder.
The adder is severely wounded.
* * * LOW HITPOINT WARNING * * *
You feel sick. The adder bites you but does no damage.
The frilled lizard bites you.
You die...

#.~~##†~≈~.#
#~~~##.~≈~.#
#~~~##~~≈~~#
##~~~##~~≈~~##
#..~~..~~≈~~...
#.~~~~~~~≈B~~~~
#†~≈≈≈≈≈≈≈≈≈≈≈≈
#.~≈ll~~~~~≈~~~
#..≈@S~~~.~~~..
###≈###########
#≈# #≈# #≈# #≈#
#≈# ###


You could see an adder, a giant cockroach and 2 frilled lizards.

Vanquished Creatures
  An adder (Sewer)
  A worm (D:4)
  An endoplasm (D:4)
  A giant cockroach (Sewer)
  A quokka (Sewer)
  2 ball pythons
  5 frilled lizards (Sewer)
12 creatures vanquished.

Notes
Turn   | Place    | Note
-------+----------+-------------------------------------------
     0 | D:5      | MrRokkomies the Armataur Delver began the quest for the
                  | Orb.
     0 | D:5      | Reached XP level 1. HP: 19/19 MP: 1/1
    55 | D:4      | Found a glowing drain.
   112 | Sewer    | Entered a sewer
   169 | Sewer    | Reached XP level 2. HP: 26/26 MP: 2/2
   227 | Sewer    | Reached skill level 1 in Armour
   249 | Sewer    | Slain by a frilled lizard

Illustrated notes

Levels and vault maps discovered:
D:4:      layout_rooms, mainiacjoe_overflow_surrounded_room,
          portal_sewer_entry_a
D:5:      layout_loops_corners, mainiacjoe_overflow_alcove_2,
          nicolae_overflow_crystal_walls, gammafunk_temple_overflow_elements,
          hellmonk_bongcloud_opening
Sewer:    sewer_frog_island_01

Skill      XL: |  1  2 |
---------------+-------+-----
Short Blades   | 2 |  2.1
Fighting       | 3 |  3.0
Armour         | 1 |  1.0
Dodging        | |  1.5
Stealth        | |  5.6

Action                   || total
-------------------------++-------
Melee: Short sword       ||    49
       Tailslap          ||     6
       Punch             ||     1
  Use: Scroll            ||     3
       Potion            ||     2
 Stab: Sleeping          ||     3
       Fleeing           ||     1
Armor: Ring mail         ||    26
Dodge: Dodged            ||    21

Table legend: (Time is in decaauts)
 A = Elapsed time spent in this place.
 B = Non-inter-level travel time spent in this place.
 C = Inter-level travel time spent in this place.
 D = Time resting spent in this place.
 E = Time spent auto-exploring this place.
 F = Levels seen in this place.
 G = Mean time per level.
                   A        B        C        D        E       F      G
               +--------+--------+--------+--------+--------+-----+--------+
         Total |    259 |    259 |      0 |     27 |     29 |   3 |   86.3 |
       Dungeon |    115 |    115 |      0 |     12 |      0 |   2 |   57.5 |
         Sewer |    143 |    143 |      0 |     15 |     29 |   1 |  143.0 |
               +--------+--------+--------+--------+--------+-----+--------+

Top non-repeatable levels by time:
   Sewer: 143 daAuts
     D:4: 102 daAuts
     D:5: 13 daAuts
